 Dungeon Crawl Stone Soup version 0.28.0 (webtiles) character file.

Game seed: 4695139142092421721

136 GrayStillPlays the Sneak (level 5, 0/24 HPs)
             Began as a Vine Stalker Enchanter on Feb 8, 2022.
             Killed from afar by an orc wizard (7 damage)
             ... with a puff of flame
             ... on level 3 of the Dungeon.
             The game lasted 00:06:01 (2321 turns).

GrayStillPlays the Sneak (Vine Stalker Enchanter)   Turns: 2321, Time: 00:06:02

Health: 0/24       AC:  3    Str: 11    XL:     5   Next: 19%
Magic:  0/10       EV: 12    Int: 17    God:
Gold:   57         SH:  0    Dex: 14    Spells: 8/10 levels left

rFire   . . .      SeeInvis .   a - +1 dagger {short}
rCold   + . .      Faith    .   (no shield)
rNeg    . . .      Spirit   +   b - +0 robe
rPois   .          Reflect  .   (no helmet)
rElec   .          Harm     .   (no cloak)
rCorr   .          Rampage  .   h - +0 pair of gloves
Will    .....                   (no boots)
Stlth   +++.......              (no amulet)
HPRegen 0.88/turn               o - ring of protection from cold
MPRegen 0.12/turn               (no ring)

@: invisible
A: fangs 2, regeneration 1, magic shield, antimagic bite, no potion heal 2
a: no special abilities


You were on level 3 of the Dungeon.
You visited 1 branch of the dungeon, and saw 3 of its levels.

You collected 57 gold pieces.


Innate Abilities, Weirdness & Mutations

You have extremely sharp teeth.
Your natural rate of healing is unusually fast.
When hurt, damage is shared between your health and your magic reserves.
Your bite disrupts and absorbs the magic of your enemies.
Potions cannot restore your health.


   Skills:
 + Level 2.0 Short Blades
 + Level 2.3 Dodging
 + Level 4.6 Stealth
 + Level 3.0 Spellcasting
 + Level 3.7 Hexes


You had 8 spell levels left.
You knew the following spells:

 Your Spells              Type           Power      Damage    Failure   Level
a - Ensorcelled Hibernat  Hex/Ice        16%        N/A       12%         2

Your spell library contained the following spells:

 Spells                   Type           Power      Damage    Failure   Level
 Confusing Touch          Hex            15%        N/A       12%         3
 Tukima's Dance           Hex            15%        N/A       12%         3
 Dazzling Flash           Conj/Hex       16%        N/A       24%         3
 Gell's Gravitas          Tloc           2%         N/A       45%         3
 Teleport Other           Tloc           2%         N/A       45%         3
 Dispersal                Tloc           1%         N/A       100%        6

Inventory:

Hand Weapons
 a - a +1 dagger (weapon) {short}
Missiles
 d - 51 stones (quivered) {throwing}
 e - 11 sling bullets
 g - 47 arrows
 j - 3 boomerangs {throwing}
Armour
 b - a +0 robe (worn)
 h - a +0 pair of gloves (worn)
   (You found it on level 1 of the Dungeon)
Jewellery
 o - a ring of protection from cold (left hand)
   (You found it on level 2 of the Dungeon)
Scrolls
 f - a scroll of enchant armour {unknown}
 l - 3 scrolls of identify {unknown}
Potions
 i - a potion of might {unknown}
 k - 2 potions of curing {unknown}
 m - a potion of attraction {unknown}
 n - 2 potions of haste {unknown}
 p - a potion of resistance {unknown}

Dungeon Overview and Level Annotations

Branches:
Dungeon (3/15)

Altars:

Shops:
D:3 [

Annotations:
D:2 1 runed translucent door, Crazy Yiuf, Sigmund, Terence

# ######################## .###
.........)......@{So)..#+#.....
######################.........
######### #........#.........
........# #........#.........
........# #.........S........
........# #..................
........# #.....♣......#.....
........# #...♣.o.♣....#.....
.######## ### #.♣##....# ....


You could see an adder and an orc.


Message History

The helpless orc fails to defend itself.
You impale the orc!!
You kill the orc!
Things that are here:
a +0 club {mace}; a goblin corpse; a giant cockroach corpse You start resting.
Your magical contamination has completely faded away.
You start resting. 😎 MP[+4]
Your mp is fully restored (9).
Things that are here:
a +0 club {mace}; a goblin corpse; a giant cockroach corpse You see here a +0 flail {mace}.
There is an entrance to Sailasink's Antique Armour Emporium here.
An orc comes into view. It is wielding a +0 trident.
The helpless orc wizard fails to defend itself.
You impale the orc wizard!!
You kill the orc wizard!
The orc shouts!
The orc wizard shouts!
The orc shouts!
You hear an angry hiss.
An adder comes into view.
Your Short Blades skill increases to level 2!
Your Spellcasting skill increases to level 3!
You have reached level 5! 😎 HP[+3] MP[+1]
You now have 24 max hp (+3).
Your hp is fully restored (24).
Your mp is fully restored (10).
The orc hits you with a +0 dagger.
You see here a +0 flail {mace}. 😎 MP[-1]
You lost 1 mp, and now have 9/10 mp.
You completely miss the orc. You bite the orc. You drain its power.
You feel invigorated. The orc hits you with a +0 dagger.
You closely miss the orc. You bite the orc. You drain its power.
You feel invigorated.
The orc wizard casts a spell.
The orc wizard flickers and vanishes!
Deactivating autopickup; reactivate with Ctrl-A.
The orc hits you with a +0 dagger. 😕 HP[-1]
You take 1 damage, and now have 23/24 hp.
Unknown command.
You hit the orc.
You kill the orc! 😎 HP[+1]
Your hp is fully restored (24).
Things that are here:
a +0 club {mace}; a goblin corpse; a giant cockroach corpse You miss something.
Something hits you but does no damage.
You miss something. Your bite misses something. Something hits you. 😕 HP[-1]
You take 1 damage, and now have 23/24 hp.
You hit something but do no damage. Your bite misses something.
Something hits you.
You barely miss something. 😎 HP[+1] MP[+1]
Your hp is fully restored (24).
Your mp is fully restored (10).
You hit something but do no damage. Something hits you. 😕 HP[-2] MP[-1]
You take 2 damage, and now have 22/24 hp.
You lost 1 mp, and now have 9/10 mp.
You closely miss something. Your bite misses something.
You hear some strange, mumbled words.
A magic dart appears from out of thin air!
The magic dart hits you. 😕 HP[-3] MP[-2]
You take 3 damage, and now have 19/24 hp.
You lost 2 mp, and now have 7/10 mp.
You hit something but do no damage. Your bite misses something.
Something hits you. 😮 HP[-1]
You take 1 damage, and now have 18/24 hp.
You barely miss something. Your bite misses something.
You hear some strange, mumbled words.
A puff of flame appears from out of thin air!
The puff of flame hits you!
* * * LOW HITPOINT WARNING * * *
😨 HP[-7] MP[-2]
You take 7 damage, and now have 11/24 hp.
MASSIVE DAMAGE!! (PAUSE)
You lost 2 mp, and now have 5/10 mp.
You hit something. Your bite misses something.
You hear some strange, mumbled words.
A magic dart appears from out of thin air!
The magic dart hits you.
* * * LOW HITPOINT WARNING * * *
😨 HP[-4] MP[-1]
You take 4 damage, and now have 7/24 hp.
You lost 1 mp, and now have 4/10 mp.
You fade into invisibility!
Something hits you but does no damage.
You hit something but do no damage. Something hits you.
* * * LOW HITPOINT WARNING * * *
😱 HP[-1] MP[-2]
You take 1 damage, and now have 6/24 hp.
You lost 2 mp, and now have 2/10 mp.
You hit something. Your bite misses something.
You hear some strange, mumbled words.
A puff of flame appears from out of thin air!
The puff of flame hits you!
You die...

Skill      XL: |  1  2  3  4 |
---------------+-------------+-----
Short Blades   | 1 2 |  2.0
Stealth        | 4 |  4.6
Dodging        | 2 |  2.3
Spellcasting   | 3 |  3.0
Hexes          | |  3.7

Action                   |  1- 3 |  4- 6 || total
-------------------------+-------+-------++-------
Melee: Dagger            |    95 |    41 ||   136
       Bite              |    20 |     8 ||    28
 Cast: Ensorcelled Hiber |       |     2 ||     2
  Use: Potion            |     1 |     1 ||     2
 Stab: Sleeping          |    12 |     3 ||    15
       Distracted        |     1 |       ||     1
       Invisible         |     1 |       ||     1
Armor: Robe              |    13 |     9 ||    22
Dodge: Dodged            |    44 |    11 ||    55

Levels and vault maps discovered:
D:1:      zaba_arrival_water, layout_basic, serial_forest,
          infiniplex_forest_clump_small, infiniplex_forest_end_2,
          infiniplex_forest_pool, infiniplex_forest_clump_curved
D:2:      layout_rooms, chequers_ecumenical_altar_twisty,
          uniq_crazy_yiuf_cottage, uniq_natasha, uniq_terence, uniq_sigmund
D:3:      layout_basic, elyvilon_altar_5, mainiacjoe_overflow_surrounded_room,
          serial_shops, nicolae_shop_trees

Notes
Turn   | Place    | Note
-------+----------+-------------------------------------------
     0 | D:1      | GrayStillPlays the Vine Stalker Enchanter began the quest
                  | for the Orb.
     0 | D:1      | Reached XP level 1. HP: 9/9 MP: 4/4
     0 | D:1      | magus.rc [v1.9.6]
    52 | D:1      | Reached skill level 1 in Short Blades
   321 | D:1      | Reached XP level 2. HP: 13/13 MP: 6/6
   924 | D:1      | Reached skill level 4 in Stealth
   924 | D:1      | Reached XP level 3. HP: 16/16 MP: 7/7
  1313 | D:2      | Noticed Terence
  1315 | D:2      | Noticed Sigmund
  1468 | D:2      | Learned a level 2 spell: Ensorcelled Hibernation
  1475 | D:2      | Found a runed translucent door.
  1476 | D:2      | Noticed Crazy Yiuf
  1551 | D:2      | You add the spells Gell's Gravitas, Teleport Other and
                  | Dispersal to your library.
  1560 | D:2      | Found a faded altar of an unknown god.
  2042 | D:3      | Reached skill level 2 in Dodging
  2065 | D:3      | Noticed a scorpion
  2078 | D:3      | Killed a scorpion
  2079 | D:3      | Gained mutation: Your natural rate of healing is unusually
                  | fast. [Vine Stalker growth]
  2079 | D:3      | Reached XP level 4. HP: 12/21 MP: 7/9
  2169 | D:3      | Found Sailasink's Antique Armour Emporium.
  2287 | D:3      | Reached skill level 2 in Short Blades
  2287 | D:3      | Reached skill level 3 in Spellcasting
  2287 | D:3      | Reached XP level 5. HP: 24/24 MP: 10/10
  2320 | D:3      | HP: 6/24 [something (2)]
  2321 | D:3      | Killed from afar by an orc wizard

Vanquished Creatures
  A scorpion (D:3)
  An orc wizard (D:3)
  A worm (D:2)
  A dart slug (D:1)
  3 orcs (D:3)
  6 bats
  5 endoplasms
  2 giant cockroaches
  4 hobgoblins (D:1)
  A kobold (D:2)
  A quokka (D:1)
  6 ball pythons
  4 frilled lizards (D:2)
  7 goblins
  4 rats
47 creatures vanquished.

Table legend:
 A = Non-vault XP
 B = Vault XP
 C = Vault XP percentage of total XP
 D = Non-vault monster count
 E = Vault monster count
 F = Vault count percentage of total count
                 A         B        C        D         E       F
            +---------+---------+-------+---------+---------+-------
      Total |     195 |       0 |   0.0 |      47 |       0 |   0.0
            +---------+---------+-------+---------+---------+-------
        D:1 |      40 |       0 |   0.0 |      21 |       0 |   0.0
        D:2 |      25 |       0 |   0.0 |      15 |       0 |   0.0
        D:3 |     130 |       0 |   0.0 |      11 |       0 |   0.0
            +---------+---------+-------+---------+---------+-------

Illustrated notes

Table legend:
 A = Kills in this place as a percentage of kills in entire the game.
 B = Kills by you in this place as a percentage of kills by you in the entire game.
 C = Kills by friends in this place as a percentage of kills by friends in the entire game.
 D = Other kills in this place as a percentage of other kills in the entire game.
 E = Experience gained in this place as a percentage of experience gained in the entire game.
 F = Experience gained in this place divided by the number of levels of this place that you have seen.
                   A       B       C       D       E      F
               +-------+-------+-------+-------+-------+----------------------
         Total | 100.0 | 100.0 |   N/A |   N/A | 100.0 |  65.0
       Dungeon | 100.0 | 100.0 |   N/A |   N/A | 100.0 |  65.0
               +-------+-------+-------+-------+-------+----------------------

Table legend: (Time is in decaauts)
 A = Elapsed time spent in this place.
 B = Non-inter-level travel time spent in this place.
 C = Inter-level travel time spent in this place.
 D = Time resting spent in this place.
 E = Time spent auto-exploring this place.
 F = Levels seen in this place.
 G = Mean time per level.
                   A        B        C        D        E       F      G
               +--------+--------+--------+--------+--------+-----+--------+
         Total |   2319 |   2271 |     48 |    123 |   1361 |   3 |  773.0 |
       Dungeon |   2319 |   2271 |     48 |    123 |   1361 |   3 |  773.0 |
               +--------+--------+--------+--------+--------+-----+--------+

Top non-repeatable levels by time:
     D:1: 1338 daAuts
     D:2: 629 daAuts
     D:3: 351 daAuts
